 Dungeon Crawl Stone Soup version 0.19.0-11-g3fc08b3 (webtiles) character file.

16 thirtiethelement the Sneak (level 2, -1/19 HPs)
             Began as an Octopode Wanderer on Nov 9, 2016.
             Slain by a jackal (2 damage)
             ... on level 1 of the Dungeon.
             The game lasted 00:03:47 (319 turns).

thirtiethelement the Sneak (Octopode Wanderer)       Turns: 319, Time: 00:03:48

Health: -1/19      AC:  1    Str: 10    XL:     2   Next: 54%
Magic:  6/6        EV: 12    Int: 14    God:
Gold:   40         SH:  0    Dex: 12    Spells: 2 memorised, 5 levels left

rFire  . . .     SeeInvis .     e - +1 spear (curse)
rCold  . . .     Gourm    .     (no shield)
rNeg   . . .     Faith    .     (helmet restricted)
rPois  .         Spirit   .     (no amulet)
rElec  .         Reflect  .     (no ring)
rCorr  .         Harm     .     (no ring)
MR     .....                    (no ring)
Stlth  +++.......               (no ring)
                                (no ring)
                                (no ring)
                                (no ring)
                                (no ring)

@: no status effects
A: almost no armour, stealthy swim, amphibious, 8 rings, constrict 8, camouflage
1, gelatinous body 1
a: no special abilities


You were on level 1 of the Dungeon.
You were not hungry.

You visited 1 branch of the dungeon, and saw 1 of its levels.

You collected 40 gold pieces.

Inventory:

Hand Weapons
 d - a +0 dagger
 e - a cursed +1 spear (weapon)
 i - a cursed -1 dagger
Missiles
 g - 118 stones (quivered)
Scrolls
 c - a scroll of teleportation
Books
 a - a book of Geomancy

   Spells                             Type                      Level
   a - Sandblast                      Earth                        1
   b - Passwall                       Transmutation/Earth          2
   c - Stone Arrow                    Conjuration/Earth            3
   d - Petrify                        Transmutation/Earth          4
   e - Lee's Rapid Deconstruction     Earth                        5
 b - Fimotu Folu's Incunabulum of Aid

   Spells                             Type                      Level
   a - Infusion                       Charms                       1
   b - Regeneration                   Charms/Necromancy            3
Comestibles
 f - a bread ration
 h - 2 fruits
 j - a slice of pizza


   Skills:
 + Level 2.1 Fighting
 + Level 0.2 Polearms
 + Level 4.1 Stealth
 + Level 3.2 Spellcasting
 + Level 2.3 Earth Magic


You had 5 spell levels left.
You knew the following spells:

 Your Spells              Type           Power        Failure   Level  Hunger
a - Sandblast             Erth           #.....       10%         1    #......
b - Infusion              Chrm           #...         24%         1    #......


Dungeon Overview and Level Annotations

Branches:
Dungeon (1/15)

Altars:


Innate Abilities, Weirdness & Mutations

You cannot wear most types of armour.
You are very stealthy in the water. (Stealth+)
You are amphibious.
You can wear up to eight rings at the same time.
You can use your tentacles to constrict eight enemies at once.
Your skin changes colour to match your surroundings (Stealth+).
Your rubbery body absorbs attacks. (AC +1, EV +1)


Message History

A goblin comes into view. It is wielding a dagger.
The jackal barks!
The goblin shouts!
The jackal barks!
The jackal bites you. x2; The jackal closely misses you.
The jackal barely misses you.
You hit the jackal. Your grab misses the jackal.
The jackal is moderately wounded.
The jackal bites you.
* * * LOW HITPOINT WARNING * * *
You puncture the jackal!
You kill the jackal!
The jackal bites you.
* * * LOW HITPOINT WARNING * * *
You aren't carrying any potions.
You hit the jackal.
You kill the jackal!
You closely miss the jackal. You grab the jackal.
Your squeeze misses the jackal. You constrict the jackal. The jackal bites you.
* * * LOW HITPOINT WARNING * * *
The jackal bites you.
You die...

#### ... #+# ##...
##.# ##... ##..#
###...#
##...#.#..... #
##....##....g# #
##......#####h#
#.....<....[h@#
#####......#######
.. ##....##.# #
##...#..######
##.#
##..#.......###
..>#
##.#.#####...#
...# ####'#.#
###.# ####
#.##...# #.#### #
#.######
#....##########


You could see 2 jackals and a goblin.

Vanquished Creatures
  A giant cockroach (D:1)
  5 hobgoblins (D:1)
  2 jackals (D:1)
  2 bats (D:1)
  3 kobolds (D:1)
  A rat (D:1)
14 creatures vanquished.

Notes
Turn   | Place    | Note
-------+----------+-------------------------------------------
     0 | D:1      | thirtiethelement the Octopode Wanderer began the quest for the Orb.
     0 | D:1      | thirtiethelement set off with: a book of Geomancy, Fimotu Folu's Incunabulum of Aid, a scroll of teleportation, a +0 dagger, a bread ration
     0 | D:1      | Reached XP level 1. HP: 14/14 MP: 4/4
     2 | D:1      | Learned a level 1 spell: Sandblast
     4 | D:1      | Learned a level 1 spell: Infusion
   154 | D:1      | Reached XP level 2. HP: 16/19 MP: 1/6
   319 | D:1      | Slain by a jackal

Action                   || total
-------------------------++-------
Melee: Spear             ||    35
       Constrict         ||     7
       Tentacles         ||     3
Throw: Stone             ||     1
 Cast: Sandblast         ||    10
  Use: Scroll            ||     2
 Stab: Sleeping          ||     5
Armor: Skin              ||     4
Dodge: Dodged            ||    24
